 Dungeon Crawl Stone Soup version 0.30.0-10-gfe55d96785 (webtiles) character file.

Game seed: 12626837182601335199

121 Chodeload the Grave Robber (level 4, 0/18 (24) HPs)
             Began as a Deep Elf Wanderer on May 15, 2023.
             Slain by a crimson imp (2 damage)
             ... on level 3 of the Dungeon.
             The game lasted 00:13:36 (2268 turns).

Chodeload the Grave Robber (Deep Elf Wanderer)      Turns: 2268, Time: 00:13:36

HP:   0/18 (24)     AC:  3    Str:  9    XL:     4   Next: 77%
MP:   4/10          EV: 12    Int: 21    God:
Gold: 55            SH:  0    Dex: 12    Spells: 3/9 levels left

rFire   . . .        j - +1 dagger (speed)
rCold   . . .        (no shield)
rNeg    . . .        d - +1 robe
rPois   .            (no helmet)
rElec   .            (no cloak)
rCorr   .            (no gloves)
SInv    .            (no boots)
Will    .....        (no amulet)
Stlth   +            (no ring)
HPRegen 0.23/turn    (no ring)
MPRegen 0.12/turn

%: no passive effects
@: very heavily drained
A: no striking features
a: no special abilities


You were on level 3 of the Dungeon.
You visited 1 branch of the dungeon, and saw 4 of its levels.

You collected 91 gold pieces.
You spent 36 gold pieces at shops.

Inventory:

Hand Weapons
 a - a +0 short sword of flaming
 j - a +1 dagger of speed (weapon)
Armour
 b - a +1 helmet
 d - a +1 robe (worn)
Scrolls
 e - 2 scrolls of enchant armour
 g - a scroll of poison
 i - a scroll of teleportation


   Skills:
 - Level 3.0 Throwing
 - Level 2.4 Dodging
 - Level 3.0 Spellcasting
 - Level 1.1 Conjurations
 + Level 4.5 Necromancy
 - Level 1.0 Air Magic
 - Level 3.0 Poison Magic


You had 3 spell levels left.
You knew the following spells:

 Your Spells              Type           Power      Damage    Failure   Level
a - Kiss of Death         Conj/Necr      60%        2d10      4%          1
b - Poisonous Vapours     Pois/Air       22%        N/A       9%          2
c - Vampiric Draining     Necr           22%        2d7       6%          3

Your spell library contained the following spells:

 Spells                   Type           Power      Damage    Failure   Level
 Cigotuvi's Dreadful Rot  Necr/Pois/Air  30%        N/A       6%          2
 Confusing Touch          Hex            3%         N/A       36%         3
 Dispel Undead            Necr           22%        3d12      21%         4


Dungeon Overview and Level Annotations

Branches:
Dungeon (4/15)
 Temple: D:4-7

Altars:
Cheibriados
Xom

Shops:
D:3 :?

Annotations:
D:2 exclusion: downstairs


Message History

You throw a javelin.
The javelin barely misses the crimson imp.
The crimson imp hits you but does no damage.
You hit the crimson imp but do no damage.
The crimson imp is moderately wounded.
The crimson imp hits you but does no damage.
You closely miss the crimson imp.
The crimson imp is moderately wounded.
You miss the crimson imp.
The crimson imp is moderately wounded.
The crimson imp barely misses you.
You hit the crimson imp but do no damage.
The crimson imp is lightly wounded.
The crimson imp hits you but does no damage.
You hit the crimson imp.
The crimson imp is moderately wounded.
You closely miss the crimson imp.
The crimson imp is moderately wounded.
The crimson imp barely misses you.
You hit the crimson imp.
The crimson imp is heavily wounded.
You hit the crimson imp.
The crimson imp is heavily wounded.
You feel less wooden.
Your +1 robe unmelds from your body.
The crimson imp blinks!
Items here: $ ( )))))) [[ ††††.
b - a +1 helmet
Okay, then.
You aren't carrying any items that you can evoke.
The crimson imp attacks as you move away!
The crimson imp hits you.
* * * LOW HITPOINT WARNING * * *
The crimson imp attacks as you move away!
The crimson imp hits you.
* * * LOW HITPOINT WARNING * * *
The crimson imp blinks!
There is an entrance to Noabuo Baga's Magic Scroll Shop here.
The crimson imp blinks!
The crimson imp hits you.
You die...

.........##......##..P~~~~~~~~~~~
..................#.~~≈~.≈≈≈.≈~≈~
...g#gg..####.....# #~~≈#≈≈≈#~~~#
....#....# #.....####.###.###.##
.........#####......#...#...#...#
................##...............
........#........#...............
........########..........!......
.....(..# ##@................
........# #♣5.#..#...#...#...#
>...>...## #..######.###.###.##
#######((####♣∩♣###.#~~~#~≈~#≈≈~#
# #(.))......##..≈≈~.~≈~.~~≈~ #
#......§♣#..#~~~~~~~~~~~.~# #
#....÷..#####~~~~~~~~~~.#.. .^§#
#.......# #........P##.# .###
#.......######.#...#...#.##


You could see a crimson imp.

Vanquished Creatures
  Jessica (D:2)
  An orc wizard (D:3)
  Robin (D:3)
  A dart slug (D:2)
  3 orcs
  3 bats (D:2)
  3 endoplasms
  12 goblins
  8 hobgoblins
  4 kobolds
  2 quokkas
  4 ball pythons
  4 rats
47 creatures vanquished.

Notes
Turn   | Place    | Note
-------+----------+-------------------------------------------
     0 | D:1      | Chodeload the Deep Elf Wanderer began the quest for the
                  | Orb.
     0 | D:1      | Chodeload set off with the following items: a +0 dagger, 10
                  | poisoned darts, a potion of lignification, a +0 robe; and
                  | the following spell memorised: Kiss of Death; and the
                  | following spells available to memorise: Cigotuvi's Dreadful
                  | Rot, Poisonous Vapours, Vampiric Draining.
     0 | D:1      | Reached XP level 1. HP: 10/10 MP: 5/5
   448 | D:1      | Reached XP level 2. HP: 11/12 MP: 7/7
   455 | D:1      | Learned a level 2 spell: Poisonous Vapours
   471 | D:1      | Reached skill level 1 in Conjurations
   837 | D:2      | Noticed Jessica
   845 | D:2      | Killed Jessica
   846 | D:2      | Reached skill level 3 in Necromancy
   846 | D:2      | Reached skill level 1 in Air Magic
   846 | D:2      | Reached XP level 3. HP: 1/16 MP: 6/9
   846 | D:2      | Found a snail-covered altar of Cheibriados.
   995 | D:2      | Learned a level 3 spell: Vampiric Draining
  1538 | D:3      | Noticed Robin
  1826 | D:3      | Found Noabuo Baga's Magic Scroll Shop.
  1833 | D:3      | Bought a scroll of teleportation for 36 gold pieces
  1886 | D:3      | Found a shimmering altar of Xom.
  1893 | D:3      | Found Unoawkar's Book Shoppe.
  1898 | D:3      | Reached XP level 4. HP: 19/19 MP: 10/10
  2075 | D:3      | Reached skill level 4 in Necromancy
  2174 | D:3      | You fall into a shaft and drop 1 floor!
  2235 | D:3      | HP: 1/25 [Robin/+0 mace (3)]
  2236 | D:3      | Killed Robin
  2268 | D:3      | Slain by a crimson imp

Illustrated notes

Levels and vault maps discovered:
D:1:      saegor_arrival_simple_a, layout_loops_ring
D:2:      layout_loops_ring, basic_altar, serial_co_window_serial,
          co_window_of_opportunity_a, co_window_paths_b, co_window_corner_a,
          co_window_corner_a, co_window_corner_a, co_window_broadway_a,
          co_window_of_opportunity_c, co_window_of_opportunity_c,
          co_window_broadway_a, glass_columns_a, glass_columns_a,
          minmay_misc_feat_encased, uniq_jessica
D:3:      wad_lake_hut, layout_rooms, nicolae_dithmenos_shadow_blocks,
          led_xom_imps, serial_shops, shop, nicolae_shop_trees,
          nicolae_shop_advertising_works [nicolae_subvault_shop_adworks],
          uniq_robin
D:4:      layout_basic, cheibrodos_gnoll_hut

Skill      XL: |  1  2  3  4 |
---------------+-------------+-----
Spellcasting   | 2 3 |  3.0
Conjurations   | 1 |  1.1
Necromancy     | 3 4 |  4.5
Air Magic      | 1 |  1.0
Poison Magic   | 3 |  3.0
Throwing       | |  3.0
Dodging        | |  2.4

Action                     |  1- 3 |  4- 6 || total
---------------------------+-------+-------++-------
  Melee: Dagger            |    74 |    58 ||   132
         Short sword       |    16 |       ||    16
         Punch             |     1 |       ||     1
  Throw: Dart              |    24 |    11 ||    35
         Stone             |     2 |       ||     2
         Javelin           |       |     4 ||     4
   Cast: Kiss of Death     |     6 |     1 ||     7
         Poisonous Vapours |     7 |     4 ||    11
         Vampiric Draining |       |     4 ||     4
    Use: Scroll            |     2 |     3 ||     5
         Potion            |       |     1 ||     1
 Armour: Robe              |    25 |    14 ||    39
         Skin              |       |     6 ||     6
  Dodge: Dodged            |    69 |    20 ||    89
